 Dungeon Crawl Stone Soup version 0.20.2-3-g29329e0561 (webtiles) character file.

1621 Alfie the Cutter (level 8, -1/70 HPs)
             Began as a Hill Orc Fighter on Dec 14, 2022.
             Slain by Duvessa
             ... wielding a +0 short sword
              (8 damage)
             ... on level 6 of the Dungeon.
             The game lasted 00:11:51 (3713 turns).

Alfie the Cutter (Hill Orc Fighter)                 Turns: 3713, Time: 00:11:52

Health: -1/70      AC: 10    Str: 21    XL:     8   Next: 96%
Magic:  8/8        EV:  9    Int:  8    God:
Gold:   221        SH: 10    Dex: 10    Spells: 7/7 levels left

rFire    . . .     SeeInvis .   a - +1 rapier
rCold    . . .     Gourm    .   c - +0 shield
rNeg     . . .     Faith    .   n - +0 scale mail
rPois    .         Spirit   .   (no helmet)
rElec    .         Reflect  .   (no cloak)
rCorr    .         Harm     .   (no gloves)
MR       .....                  k - +2 pair of boots
Stlth    ..........             (no amulet)
Regen    0.3/turn               (no ring)
MPRegen  0.2/turn               (no ring)

@: no status effects
A: no striking features
a: no special abilities


You were on level 6 of the Dungeon.
You were hungry.

You visited 1 branch of the dungeon, and saw 6 of its levels.

You collected 221 gold pieces.

Inventory:

Hand Weapons
 a - a +1 rapier (weapon)
Armour
 c - a +0 shield (worn)
 k - a +2 pair of boots (worn)
 n - a +0 scale mail (worn)
Wands
 e - a wand of scattershot (6/9)
 l - a wand of iceblast (1/15)
 s - a wand of clouds (1/9)
Scrolls
 b - a scroll of amnesia {unknown}
 h - a scroll of enchant weapon
 j - 3 scrolls of identify
 r - 3 scrolls of teleportation
Potions
 d - a potion of might
 g - 2 potions of lignification
 m - a potion of brilliance {unknown}
 o - a potion of resistance {unknown}
 p - a potion of agility {unknown}
 q - a potion of mutation {unknown}
Comestibles
 f - 3 bread rations
 i - 2 meat rations


   Skills:
 + Level 6.0 Fighting
 + Level 7.5 Short Blades
 + Level 5.9 Armour
 + Level 2.4 Dodging
 + Level 1.0 Stealth
 + Level 5.7 Shields


You had 7 spell levels left.
You didn't know any spells.

Dungeon Overview and Level Annotations

Branches:
Dungeon (6/15)
 Temple: D:4-7

Altars:
Ashenzari
Cheibriados
Sif Muna
Vehumet

Shops:
D:6 [

Annotations:
D:6 Duvessa


Message History

The shadow imp is lightly wounded.
The shadow imp hits you but does no damage.
You hit the shadow imp.
The shadow imp is moderately wounded.
You block the shadow imp's attack.
You hit the shadow imp but do no damage.
The shadow imp is moderately wounded.
You hit the shadow imp.
The shadow imp is heavily wounded.
You block the shadow imp's attack.
You hit the shadow imp but do no damage.
The shadow imp is heavily wounded.
The shadow imp closely misses you.
You hit the shadow imp.
The shadow imp is severely wounded.
You block the shadow imp's attack.
You puncture the shadow imp!
You kill the shadow imp!
You barely miss Duvessa. Duvessa hits you with a short sword!
You die...

#. ##....# #.###
#.##.....#####...#
##...........[....#
............##....#
#......!..###...##
#.........).....#
##.#.$.).####...###
#.#e#.# #.....# #
#@#$# #.#.......
#.#.####.###.####
.........# #.# #.
..........# #.####.
.##.#####..# #...
.. ∩. #.# #..# #..#
#. #.
#.#####..###..# #.
# ..........##..#
#.
..........)..###.


You could see Duvessa (berserk).

Vanquished Creatures
  2 sky beasts (D:5)
  An ice beast (D:5)
  A necrophage (D:5)
  3 ogres
  A big kobold (D:4)
  A bullfrog (D:6)
  A scorpion (D:4)
  Dowan (D:6)
  A howler monkey (D:4)
  2 crimson imps (D:5)
  4 hounds
  2 orc priests
  2 orc wizards
  Jessica (D:3)
  2 iguanas (D:4)
  Ijyb (D:5)
  2 worker ants (D:5)
  A hound zombie (D:5)
  A hound skeleton (D:4)
  A worker ant zombie (D:4)
  10 adders
  3 gnolls (D:4)
  A shadow imp (D:6)
  An adder zombie (D:2)
  A dart slug (D:2)
  6 leopard geckos
  19 orcs
  3 ball pythons
  A bat skeleton (D:2)
  A bat zombie (D:2)
  2 giant cockroaches
  3 goblins
  5 hobgoblins
  5 jackals
  6 quokkas
  A ball python skeleton (D:4)
  7 bats
  8 frilled lizards
  A jackal zombie (D:5)
  9 kobolds
  A leopard gecko skeleton (D:4)
  A leopard gecko zombie (D:2)
  3 rats
129 creatures vanquished.

Notes
Turn   | Place    | Note
-------+----------+-------------------------------------------
     0 | D:1      | Alfie the Hill Orc Fighter began the quest for the Orb.
     0 | D:1      | Reached XP level 1. HP: 19/19 MP: 1/1
   133 | D:1      | Reached XP level 2. HP: 20/27 MP: 2/2
   148 | D:1      | Found a shattered altar of Ashenzari.
   669 | D:2      | Reached XP level 3. HP: 33/33 MP: 3/3
   850 | D:2      | Found a snail-covered altar of Cheibriados.
   853 | D:2      | Found a radiant altar of Vehumet.
   855 | D:2      | Found a deep blue altar of Sif Muna.
  1099 | D:2      | Reached XP level 4. HP: 32/40 MP: 4/4
  1477 | D:3      | Noticed Jessica
  1483 | D:3      | Killed Jessica
  1667 | D:4      | Reached skill level 3 in Short Blades
  1667 | D:4      | Reached XP level 5. HP: 40/47 MP: 5/5
  2007 | D:4      | Reached skill level 1 in Dodging
  2007 | D:4      | Reached XP level 6. HP: 30/53 MP: 6/6
  2056 | D:4      | Reached skill level 4 in Short Blades
  2399 | D:4      | Reached XP level 7. HP: 57/60 MP: 7/7
  2488 | D:4      | Reached skill level 5 in Armour
  2510 | D:4      | Reached skill level 5 in Shields
  2654 | D:5      | Entered Level 5 of the Dungeon
  2674 | D:5      | Reached skill level 5 in Short Blades
  2872 | D:5      | Reached skill level 5 in Fighting
  2928 | D:5      | Reached skill level 6 in Short Blades
  2928 | D:5      | Reached XP level 8. HP: 37/68 MP: 8/8
  3005 | D:5      | Reached skill level 1 in Stealth
  3263 | D:5      | Noticed Ijyb
  3282 | D:5      | Killed Ijyb
  3661 | D:6      | Reached skill level 7 in Short Blades
  3670 | D:6      | Noticed Dowan
  3687 | D:6      | Noticed Duvessa
  3698 | D:6      | Killed Dowan
  3701 | D:6      | Found Tenenioh's Armour Emporium.
  3713 | D:6      | Slain by Duvessa

Skill      XL: |  1  2  3  4  5  6  7  8 |
---------------+-------------------------+-----
Fighting       | 4 5 6 |  6.0
Shields        | 4 5 |  5.7
Armour         | 4 5 |  5.9
Short Blades   | 3 4 6 7 |  7.5
Dodging        | 1 2 |  2.4
Stealth        | 1 |  1.0

Action                   |  1- 3 |  4- 6 |  7- 9 || total
-------------------------+-------+-------+-------++-------
Melee: Rapier            |   116 |   246 |   313 ||   675
  Use: Scroll            |       |     6 |     4 ||    10
       Potion            |       |       |     4 ||     4
  Eat: Fruit             |     1 |     3 |       ||     4
       Bread ration      |       |     1 |       ||     1
       Royal jelly       |       |       |     1 ||     1
Armor: Scale mail        |    79 |   103 |   118 ||   300
Dodge: Dodged            |    49 |    70 |    68 ||   187
Block: Shield            |    68 |   105 |   113 ||   286
